details: 'bad2'

« prev index next »

General information

Mini Map

Players

team 1
Orcsensitivegirl90 (green | 190 APM | 2686 actions | 14:08)
Hero icon 4 Blademaster
Ability icon 2 Wind Walk
Ability icon 2 Critical Strike
Hero icon 3 Tauren Chieftain
Ability icon 2 Shockwave
Ability icon 1 Endurance Aura

» actions
Assign group hotkey29
Basic commands90
Build / train92
Enter build submenu19
Enter hero's abilities submenu7
Give item / drop item2
Right click1027
Select / deselect273
Select group hotkey1046
Use ability101
2686 total
» units
Peon18
Grunt7
Spirit Walker4
Raider3
Kodo Beast1
Wind Rider3
36 total
» upgrades
Berserker Strength1
Pillage1
Ensnare1
Spirit Walker Training1
4 total
» buildings
Altar of Storms1
Orc Burrow7
Barracks1
Voodoo Lounge1
Stronghold3
War Mill1
Spirit Lodge1
Beastiary2
Great Hall1
18 total
» build order
00:05 Altar of Storms
00:22 Orc Burrow
00:39 Barracks
01:36 Orc Burrow
01:39 Orc Burrow
02:09 Voodoo Lounge
03:23 Stronghold
03:23 Stronghold
04:07 Orc Burrow
04:23 War Mill
05:53 Spirit Lodge
06:47 Beastiary
08:12 Orc Burrow
10:27 Orc Burrow
10:30 Orc Burrow
10:35 Great Hall
12:12 Beastiary
» items
Circlet of Nobility2
Boots of Speed5
Healing Salve6
Scroll of Speed2
Dust of Appearance2
Lesser Clarity Potion1
18 total
NightElfWELLDOITLIVE (pink | 94 APM | 1325 actions | 14:09)
Hero icon 4 Demon Hunter
Ability icon 2 Mana Burn
Ability icon 2 Evasion
Hero icon 3 Pandaren Brewmaster
Ability icon 2 Breath of Fire
Ability icon 1 Drunken Haze

» actions
Assign group hotkey18
Basic commands5
Build / train55
Enter build submenu12
Enter hero's abilities submenu7
Right click699
Select / deselect303
Select group hotkey174
Use ability51
1325 total
» units
Wisp22
Archer3
Dryad4
Druid of the Claw5
34 total
» upgrades
Strength of the Wild1
Druid of the Claw Training2
Abolish Magic1
Mark of the Claw1
5 total
» buildings
Altar of Elders1
Moon Well5
Ancient of War1
Tree of Ages1
Hunter's Hall1
Ancient of Lore2
Ancient of Wonders1
Tree of Eternity1
Tree of Life1
14 total
» build order
00:04 Altar of Elders
00:05 Moon Well
00:54 Ancient of War
01:36 Moon Well
03:05 Tree of Ages
03:10 Hunter's Hall
03:46 Moon Well
05:10 Moon Well
05:39 Ancient of Lore
05:43 Ancient of Lore
05:48 Ancient of Wonders
06:57 Tree of Eternity
10:08 Moon Well
11:34 Tree of Life
» items
Staff of Preservation1
Potion of Healing1
Scroll of Town Portal1
Orb of Venom1
Lesser Clarity Potion1
5 total
team 2
Random» NightElfBreguet (blue | 40 APM | 569 actions | 14:07)
Hero icon 2 Priestess of the Moon
Ability icon 1 Trueshot Aura
Ability icon 1 Searing Arrows
Hero icon 1 Demon Hunter
Ability icon 1 Immolation

» actions
Assign group hotkey22
Basic commands4
Build / train43
Enter build submenu12
Enter hero's abilities submenu3
Give item / drop item1
Right click190
Select / deselect149
Select group hotkey120
Use ability25
569 total
» units
Wisp10
Archer18
Druid of the Talon4
32 total
» upgrades
Improved Bows1
Strength of the Moon1
2 total
» buildings
Altar of Elders1
Moon Well5
Ancient of War2
Ancient of Wonders2
Tree of Ages1
Hunter's Hall1
Ancient of Wind1
13 total
» build order
00:10 Altar of Elders
00:16 Moon Well
00:27 Ancient of War
01:50 Ancient of Wonders
02:01 Moon Well
02:30 Ancient of War
04:35 Tree of Ages
05:29 Moon Well
05:32 Moon Well
07:20 Ancient of Wonders
09:24 Hunter's Hall
10:24 Ancient of Wind
10:44 Moon Well
» items
Potion of Healing3
3 total
Random» HumanGrammor (purple | 73 APM | 1018 actions | 13:59)
Hero icon 2 Archmage
Ability icon 1 Summon Water Elemental
Ability icon 1 Brilliance Aura
Hero icon 2 Mountain King
Ability icon 1 Storm Bolt
Ability icon 1 Bash

» actions
Assign group hotkey27
Basic commands110
Build / train47
Enter build submenu19
Enter hero's abilities submenu4
Give item / drop item1
Right click278
Select / deselect299
Select group hotkey165
Use ability68
1018 total
» units
Peasant8
Footman4
Rifleman6
Mortar Team6
Sorceress2
Spell Breaker2
28 total
» upgrades
Defend1
Plating1
Lumber Harvesting1
Long Rifles1
Gunpowder1
5 total
» buildings
Altar of Kings2
Farm7
Barracks1
Lumber Mill1
Scout Tower2
Guard Tower2
Keep1
Blacksmith1
Arcane Vault1
Workshop1
Arcane Sanctum1
Castle1
21 total
» build order
00:08 Altar of Kings
00:11 Altar of Kings
00:24 Farm
00:29 Barracks
01:03 Farm
01:16 Lumber Mill
01:39 Scout Tower
01:48 Farm
02:19 Guard Tower
03:23 Farm
03:26 Keep
03:38 Blacksmith
04:31 Farm
04:44 Arcane Vault
05:32 Scout Tower
06:11 Farm
06:16 Guard Tower
07:13 Workshop
07:32 Arcane Sanctum
12:15 Farm
12:35 Castle
» items
Scroll of Regeneration3
Scroll of Town Portal1
4 total